SL
PENSACOLA BLUE WAHOOS @ JACKSON GENERALS
04/22/2024
 
TOP OF THE 1ST
Pensacola Blue Wahoos batting - Pitching for Jackson Generals : RHP Brandon Birdsell
Pitching: RHP Brandon Birdsell
Batting: RHB Steve Schypinski 0-0: Ball
1-0: Ball
2-0: Swinging Strike
2-1: Ball
3-1: Called Strike
3-2: Ground out 5-3 (Groundball, 56S, EV 84.4 MPH)
Batting: RHB Jacob Young 0-0: Called Strike
0-1: Ball
1-1: Ball
2-1: Ball
3-1: Foul Ball, location: 9LMF
3-2: Foul Ball, location: 9LMF
3-2: Base on Balls
Batting: RHB Barry Corbin 0-0: Called Strike
0-1: Foul Ball, location: 25FF
0-2: SINGLE (Groundball, 4MD, EV 98.1 MPH)
Jacob Young to second
Batting: LHB James Wood 0-0: Ball
1-0: Foul Ball, location: 23F
1-1: Ball
2-1: Ball
3-1: Called Strike
3-2: Strikes out swinging
Batting: RHB Jordan Lawlar 0-0: Foul Ball, location: 9LMF
0-1: Ball
1-1: Ball
2-1: Reached via error on a dropped throw from SS, E4 (Groundball, 6, EV 91.9 MPH)
Jacob Young to third
Barry Corbin to second
Batting: RHB Francisco Luna 0-0: Called Strike
0-1: SINGLE (Groundball, 4D, EV 103.8 MPH) (infield hit)
Jacob Young scores
Barry Corbin to third
Jordan Lawlar to second
Batting: LHB Jose González 0-0: Ball
1-0: Called Strike
1-1: SINGLE (Groundball, 3L, EV 102.5 MPH) (infield hit)
Barry Corbin scores
Jordan Lawlar to third
Francisco Luna to second
Batting: RHB Wilderd Patino 0-0: Ball
1-0: Ball
2-0: Fly out, F8 (Flyball, 8RD, EV 94.4 MPH)
Top of the 1st over - 2 runs, 3 hits, 1 error, 3 left on base; Pensacola 2 - Jackson 0
BOTTOM OF THE 1ST
Jackson Generals batting - Pitching for Pensacola Blue Wahoos : RHP Kevin Matthews
Pitching: RHP Kevin Matthews
Batting: RHB Jorge Fernández 0-0: Ground out 5-3 (Groundball, 56, EV 97.5 MPH)
Batting: RHB Curt Turner 0-0: Ball
1-0: Ball
2-0: Called Strike
2-1: Ground out 5-3 (Groundball, 56, EV 110.0 MPH)
Batting: LHB Donnie Lewis 0-0: Ball
1-0: Ground out 4-3 (Groundball, 4, EV 96.3 MPH)
Bottom of the 1st over - 0 runs, 0 hits, 0 errors, 0 left on base; Pensacola 2 - Jackson 0
TOP OF THE 2ND
Pensacola Blue Wahoos batting - Pitching for Jackson Generals : RHP Brandon Birdsell
Batting: RHB Victor Torres 0-0: Called Strike
0-1: Ball
1-1: Foul Ball, location: 5FF
1-2: Ball
2-2: Ball
3-2: Ground out 4-3 (Groundball, 4S, EV 82.5 MPH)
Batting: RHB Steve Schypinski 0-0: Ball
1-0: Called Strike
1-1: Swinging Strike
1-2: Strikes out swinging
Batting: RHB Jacob Young 0-0: Ball
1-0: Foul Ball, location: 2F
1-1: Ball
2-1: SINGLE (Groundball, 34D, EV 103.8 MPH)
Batting: RHB Barry Corbin 0-0: Ball
1-0: Fly out, F9 (Flyball, 89S, EV 82.5 MPH)
Top of the 2nd over - 0 runs, 1 hit, 0 errors, 1 left on base; Pensacola 2 - Jackson 0
BOTTOM OF THE 2ND
Jackson Generals batting - Pitching for Pensacola Blue Wahoos : RHP Kevin Matthews
Batting: RHB Ryan Grady 0-0: Called Strike
0-1: SINGLE (Flyball, 8LS, EV 91.9 MPH)
Batting: RHB Jerrion Ealy 0-0: Ball
1-0: DOUBLE (Line Drive, 9LM, EV 90.6 MPH)
Ryan Grady to third
Batting: RHB Bob Chapman 0-0: Ball
1-0: Foul Ball, location: 7LDF
1-1: Swinging Strike
1-2: Ball
2-2: Ball
3-2: Strikes out swinging
Batting: RHB Jimmy Britt 0-0: Fly out, F9 (Flyball, 9, EV 94.4 MPH)
Runner from 3rd tags up, OUT at HOME! 9-2
Bottom of the 2nd over - 0 runs, 2 hits, 0 errors, 1 left on base; Pensacola 2 - Jackson 0
TOP OF THE 3RD
Pensacola Blue Wahoos batting - Pitching for Jackson Generals : RHP Brandon Birdsell
Batting: LHB James Wood 0-0: Fly out, F6 (Popup, 6MS, EV 78.8 MPH)
Batting: RHB Jordan Lawlar 0-0: Called Strike
0-1: Foul Ball, location: 2F
0-2: Foul Ball, location: 3F
0-2: SINGLE (Groundball, 4M, EV 104.4 MPH) (infield hit)
Batting: RHB Francisco Luna 0-0: Called Strike
0-1: Ball
1-1: Swinging Strike
1-2: Ball
2-2: Foul Ball, location: 7LMF
2-2: Fly out, F6 (Line Drive, 4MD, EV 69.4 MPH)
Lined into DP, 6-3 (Line Drive, 4MD, EV 69.4 MPH)
Top of the 3rd over - 0 runs, 1 hit, 0 errors, 0 left on base; Pensacola 2 - Jackson 0
BOTTOM OF THE 3RD
Jackson Generals batting - Pitching for Pensacola Blue Wahoos : RHP Kevin Matthews
Batting: LHB Michael Rothenberg 0-0: Fly out, F9 (Flyball, 9, EV 93.8 MPH)
Batting: RHB Bernardo García 0-0: Ball
1-0: Foul Ball, location: 2F
1-1: Foul Ball, location: 9LDF
1-2: Ball
2-2: Ground out 4-3 (Groundball, 4S, EV 85.6 MPH)
Batting: RHB Jorge Fernández 0-0: Ball
1-0: Swinging Strike
1-1: Ball
2-1: Ball
3-1: Ground out U3 (Groundball, 34, EV 63.8 MPH)
Bottom of the 3rd over - 0 runs, 0 hits, 0 errors, 0 left on base; Pensacola 2 - Jackson 0
TOP OF THE 4TH
Pensacola Blue Wahoos batting - Pitching for Jackson Generals : RHP Brandon Birdsell
Batting: LHB Jose González 0-0: Foul Ball, location: 3DF
0-1: Ball
1-1: Foul Ball, location: 7LMF
1-2: Foul Ball, location: 7LMF
1-2: Foul Ball, location: 2F
1-2: Strikes out swinging
Batting: RHB Wilderd Patino 0-0: SINGLE (Line Drive, 7LS, EV 92.5 MPH)
Batting: RHB Victor Torres 0-0: Ball
1-0: Grounds into double play, 5-4-3 (Groundball, 56S, EV 91.3 MPH)
Top of the 4th over - 0 runs, 1 hit, 0 errors, 0 left on base; Pensacola 2 - Jackson 0
BOTTOM OF THE 4TH
Jackson Generals batting - Pitching for Pensacola Blue Wahoos : RHP Kevin Matthews
Batting: RHB Curt Turner 0-0: Ball
1-0: Called Strike
1-1: Ball
2-1: Ground out 5-3 (Groundball, 56S, EV 81.9 MPH)
Batting: LHB Donnie Lewis 0-0: Called Strike
0-1: Ball
1-1: Ball
2-1: Ball
3-1: Called Strike
3-2: Foul Ball, location: 2F
3-2: Foul Ball, location: 7LSF
3-2: Foul Ball, location: 7LSF
3-2: Strikes out looking
Batting: RHB Ryan Grady 0-0: Fly out, F8 (Flyball, 8RS, EV 92.5 MPH)
Bottom of the 4th over - 0 runs, 0 hits, 0 errors, 0 left on base; Pensacola 2 - Jackson 0
TOP OF THE 5TH
Pensacola Blue Wahoos batting - Pitching for Jackson Generals : RHP Brandon Birdsell
Batting: RHB Steve Schypinski 0-0: DOUBLE (Line Drive, 78M, EV 86.9 MPH)
Batting: RHB Jacob Young 0-0: Swinging Strike
0-1: Ball
1-1: Ball
2-1: Called Strike
2-2: SINGLE (Groundball, 6MD, EV 109.4 MPH)
Steve Schypinski to third
Runner from 3rd tries for Home, SAFE, throw by CF to home
Pitching: LHP Sam Weatherly
Batting: RHB Barry Corbin 0-0: Ball
1-0: Swinging Strike
1-1: Ball
2-1: Fly out, F7 (Flyball, 7D, EV 97.5 MPH)
Batting: LHB James Wood 0-0: Foul Ball, location: 2F
0-1: Called Strike
0-2: Ball
1-2: Strikes out looking
Batting: RHB Jordan Lawlar 0-0: Ball
Jacob Young is caught stealing 2nd base 2-4
Top of the 5th over - 1 run, 2 hits, 0 errors, 0 left on base; Pensacola 3 - Jackson 0
BOTTOM OF THE 5TH
Jackson Generals batting - Pitching for Pensacola Blue Wahoos : RHP Kevin Matthews
Batting: RHB Jerrion Ealy 0-0: Ball
1-0: Ball
2-0: Called Strike
2-1: Called Strike
2-2: Foul Ball, location: 7LDF
2-2: Ball
3-2: Strikes out swinging
Batting: RHB Bob Chapman 0-0: Ball
1-0: Called Strike
1-1: Foul Ball, location: 3SF
1-2: Ground out 4-3 (Groundball, 4, EV 88.8 MPH)
Batting: RHB Jimmy Britt 0-0: Ground out 5-3 (Groundball, 56S, EV 82.5 MPH)
Bottom of the 5th over - 0 runs, 0 hits, 0 errors, 0 left on base; Pensacola 3 - Jackson 0
TOP OF THE 6TH
Pensacola Blue Wahoos batting - Pitching for Jackson Generals : LHP Sam Weatherly
Batting: RHB Jordan Lawlar 0-0: Fly out, F9 (Flyball, 9S, EV 98.1 MPH)
Batting: RHB Francisco Luna 0-0: Ball
1-0: Fly out, F7 (Line Drive, 7LM, EV 100.6 MPH)
Batting: LHB Jose González 0-0: Called Strike
0-1: Ball
1-1: Called Strike
1-2: Strikes out swinging
Top of the 6th over - 0 runs, 0 hits, 0 errors, 0 left on base; Pensacola 3 - Jackson 0
BOTTOM OF THE 6TH
Jackson Generals batting - Pitching for Pensacola Blue Wahoos : RHP Kevin Matthews
Batting: LHB Michael Rothenberg 0-0: Ball
1-0: Ball
2-0: Fly out, F9 (Flyball, 89S, EV 83.1 MPH)
Batting: RHB Bernardo García 0-0: Ball
1-0: Ball
2-0: Called Strike
2-1: Swinging Strike
2-2: Strikes out looking
Batting: RHB Jorge Fernández 0-0: Ball
1-0: Ball
2-0: Ball
3-0: Called Strike
3-1: Swinging Strike
3-2: Base on Balls
Batting: RHB Curt Turner 0-0: Called Strike
Jorge Fernández is caught stealing 2nd base 2-4
Bottom of the 6th over - 0 runs, 0 hits, 0 errors, 0 left on base; Pensacola 3 - Jackson 0
TOP OF THE 7TH
Pensacola Blue Wahoos batting - Pitching for Jackson Generals : LHP Sam Weatherly
Batting: RHB Wilderd Patino 0-0: Called Strike
0-1: Called Strike
0-2: Ball
1-2: Fly out, F8 (Flyball, 8RD, EV 103.8 MPH)
Batting: RHB Victor Torres 0-0: Ball
1-0: Ball
2-0: Called Strike
2-1: Ball
3-1: Fly out, F3 (Popup, 3SF, EV 75.6 MPH)
Batting: RHB Steve Schypinski 0-0: Foul Ball, location: 9LMF
0-1: Foul Ball, location: 2F
0-2: Ball
1-2: Ground out 4-3 (Groundball, 4, EV 101.3 MPH)
Top of the 7th over - 0 runs, 0 hits, 0 errors, 0 left on base; Pensacola 3 - Jackson 0
BOTTOM OF THE 7TH
Jackson Generals batting - Pitching for Pensacola Blue Wahoos : RHP Kevin Matthews
Batting: RHB Curt Turner 0-0: Ball
1-0: Swinging Strike
1-1: Foul Ball, location: 2F
1-2: Ball
2-2: Foul Ball, location: 5SF
2-2: Ball
3-2: Base on Balls
Batting: LHB Donnie Lewis 0-0: Ball
1-0: Ball
2-0: Ground out 4-3 (Groundball, 34, EV 92.5 MPH)
Curt Turner to second
Batting: RHB Ryan Grady 0-0: Fly out, F8 (Flyball, 8LD, EV 99.4 MPH)
Batting: RHB Jerrion Ealy 0-0: Called Strike
0-1: Fly out, F9 (Line Drive, 89M, EV 106.3 MPH)
Bottom of the 7th over - 0 runs, 0 hits, 0 errors, 1 left on base; Pensacola 3 - Jackson 0
TOP OF THE 8TH
Pensacola Blue Wahoos batting - Pitching for Jackson Generals : LHP Sam Weatherly
Batting: RHB Jacob Young 0-0: Ground out 4-3 (Groundball, 34, EV 99.4 MPH)
Batting: RHB Barry Corbin 0-0: Called Strike
0-1: Foul Ball, location: 2F
0-2: Ball
1-2: Ground out 5-3 (Groundball, 56, EV 100.6 MPH)
Batting: LHB James Wood 0-0: Foul Ball, location: 3DF
0-1: Called Strike
0-2: Ball
1-2: SINGLE (Groundball, 2L, EV 66.3 MPH) (infield hit)
Batting: RHB Jordan Lawlar 0-0: Ground out 6-3 (Groundball, P, EV 85.6 MPH)
Top of the 8th over - 0 runs, 1 hit, 0 errors, 1 left on base; Pensacola 3 - Jackson 0
BOTTOM OF THE 8TH
Jackson Generals batting - Pitching for Pensacola Blue Wahoos : RHP Kevin Matthews
Batting: RHB Bob Chapman 0-0: Ball
1-0: Swinging Strike
1-1: Ball
2-1: Fly out, F6 (Popup, 56, EV 65.0 MPH)
Batting: RHB Jimmy Britt 0-0: Swinging Strike
0-1: Ball
1-1: Ball
2-1: Ball
3-1: Foul Ball, location: 9LSF
3-2: Base on Balls
Pitching: RHP Dennis Boatman
Batting: LHB Michael Rothenberg 0-0: Ball
1-0: Ball
2-0: Fly out, F9 (Line Drive, 9, EV 84.4 MPH)
Batting: RHB Bernardo García 0-0: DOUBLE (Line Drive, 89D, EV 104.4 MPH)
Jimmy Britt to third
Runner from 3rd tries for Home, SAFE, throw by CF to trailing runner, OUT at third! 8-3-5
Bottom of the 8th over - 1 run, 1 hit, 0 errors, 0 left on base; Pensacola 3 - Jackson 1
TOP OF THE 9TH
Pensacola Blue Wahoos batting - Pitching for Jackson Generals : LHP Sam Weatherly
Batting: RHB Francisco Luna 0-0: Ball
1-0: Called Strike
1-1: Called Strike
1-2: Ball
2-2: Strikes out swinging
Batting: LHB Jose González 0-0: Ball
1-0: Ground out 3-1 (Groundball, 34, EV 96.9 MPH)
Batting: RHB Wilderd Patino 0-0: Called Strike
0-1: Called Strike
0-2: Ball
1-2: Ball
2-2: Strikes out swinging
Top of the 9th over - 0 runs, 0 hits, 0 errors, 0 left on base; Pensacola 3 - Jackson 1
BOTTOM OF THE 9TH
Jackson Generals batting - Pitching for Pensacola Blue Wahoos : RHP Dennis Boatman
Now at 2B: Diego Flores
Now at SS: Francisco Luna
Batting: RHB Jorge Fernández 0-0: Foul Ball, location: 7LMF
0-1: Ball
1-1: Fly out, F8 (Flyball, 8RS, EV 86.9 MPH)
Batting: RHB Curt Turner 0-0: Called Strike
0-1: Fly out, F8 (Flyball, 8LD, EV 85.6 MPH)
Pitching: LHP Bodi Rascon
Pinch Hitting: RHB Benjamin Williams 0-0: Ball
1-0: Called Strike
1-1: Ball
2-1: Ball
3-1: Base on Balls
Batting: RHB Ryan Grady 0-0: Fly out, F7 (Flyball, 78M, EV 88.1 MPH)
Bottom of the 9th over - 0 runs, 0 hits, 0 errors, 1 left on base; Pensacola 3 - Jackson 1
Wednesday, May 1st , 2024 - OOTP Baseball 24.11 Build 85